 Dungeon Crawl Stone Soup version 0.23.1-37-gaa34b87b72 (webtiles) character file.

Game seed: 14873797697452483823

222 Kholdaimon the Shooter (level 5, 0/45 HPs)
             Began as a Centaur Arcane Marksman on Mar 25, 2019.
             Slain by an orc wizard
             ... wielding a +0 dagger
              (5 damage)
             ... on level 2 of the Dungeon.
             The game lasted 00:20:17 (3342 turns).

Kholdaimon the Shooter (Centaur Arcane Marksman)    Turns: 3342, Time: 00:20:18

Health: 0/45       AC:  5    Str: 13    XL:     5   Next: 66%
Magic:  6/6        EV: 10    Int: 13    God:
Gold:   142        SH:  0    Dex:  9    Spells: 5/6 levels left

rFire    . . .     SeeInvis .   a - +0 shortbow
rCold    . . .     Gourm    .   (shield currently unavailable)
rNeg     . . .     Faith    .   e - +0 robe
rPois    .         Spirit   .   (no helmet)
rElec    .         Reflect  .   n - +0 cloak
rCorr    .         Harm     .   (no gloves)
MR       .....                  (no barding)
Stlth    ..........             (no amulet)
HPRegen  0.15/turn              (no ring)
MPRegen  0.10/turn              (no ring)

@: confused, very quick
A: large, hooves 3, deformed body, speed 2, tough skin 3
a: no special abilities


You were on level 2 of the Dungeon.
You were hungry.

You visited 1 branch of the dungeon, and saw 3 of its levels.

You collected 142 gold pieces.

Inventory:

Hand Weapons
 a - a +0 shortbow (weapon)
 c - a +0 club
 s - a +0 trident
 t - a +2 mace of draining
Missiles
 d - 40 arrows (quivered)
Armour
 e - a +0 robe (worn)
 n - a +0 cloak (worn)
 w - a +2 leather armour of poison resistance
Jewellery
 j - an uncursed ring of resist corrosion {unknown}
 x - an uncursed ring of protection from cold {unknown}
Scrolls
 b - a scroll of amnesia {unknown}
 g - a scroll of random uselessness {unknown}
 h - 2 scrolls of enchant armour {unknown}
 i - 3 scrolls of remove curse {unknown}
 o - a scroll of identify {unknown}
 p - 2 scrolls of fog {unknown}
 q - 2 scrolls of magic mapping {unknown}
 u - 3 scrolls of teleportation {unknown}
 y - a scroll of blinking {unknown}
Potions
 k - a potion of resistance {unknown}
 l - a potion of heal wounds {unknown}
 m - 2 potions of lignification {unknown}
 r - a potion of curing {unknown}
 v - a potion of magic {unknown}
 z - a potion of mutation {unknown}
Comestibles
 f - 3 rations


   Skills:
 + Level 3.0 Fighting
 * Level 6.0 Bows
 - Level 2.0 Dodging
 - Level 1.0 Spellcasting
 - Level 3.0 Hexes


You had 5 spell levels left.
You knew the following spells:

 Your Spells              Type           Power        Failure   Level  Hunger
a - Corona                Hex            #......      9%          1    ##.....

Your spell library contained the following spells:

 Spells                   Type           Power        Failure   Level  Hunger
 Slow                     Hex            #.......     12%         2    ###....
 Inner Flame              Hex/Fire       #.......     41%         3    ####...
 Portal Projectile        Hex/Tloc       #.....       41%         3    ####...
 Cause Fear               Hex            #.........   63%         4    #####..
 Leda's Liquefaction      Hex/Erth       #.........   83%         4    #####..


Dungeon Overview and Level Annotations

Branches:
Dungeon (3/15)

Altars:
Kikubaaqudgha


Innate Abilities, Weirdness & Mutations

You have hooves in place of feet.
Armour fits poorly on your strangely shaped body.
You cover ground very quickly.
You have extremely tough skin. (AC +3)


Message History

You shoot an arrow. The arrow hits the orc wizard.
You kill the orc wizard!
Your Fighting skill increases to level 3!
Your Bows skill increases to level 6!
You hear some strange, mumbled words.
Something tries to affect you, but you resist.
There is a stone staircase leading up here.
Something hits you but does no damage.
You climb upwards.
Reactivating autopickup.
There is a stone staircase leading down here.
You start resting.
You hear some strange, mumbled words.
Deactivating autopickup; reactivate with Ctrl-A.
You are confused.
You bump into the rock wall.
Something hits you.
* * * LOW HITPOINT WARNING * * *
You're too confused to move!
Something hits you but does no damage.
You bump into the rock wall.
Something hits you.
You die...

#.......##...........#####...####
#.....#.................##...##..
#....##.##...[.......##.).......#
#.#..##.##.#.......####..)......#
#.#........#.#...#.# #.........#
#.#.###.####.#...#.# #.##.......
........# #.#...#^# ###########
###.##### #.##.##.#
#.########...>@..# #####
#.#......####(#### #)..#
###[#.####.####)###### #...# #
....#.####...........## #...# #
#####.#........##.....# ##'## #
#.#.##..##.##.##..# ♣.♣♣
#.#.##..##....##..# ♣♣.♣
#.......###.......# ♣.♣♣
###.###.###)#.###.# ♣♣.♣


There were no monsters in sight!

Vanquished Creatures
  A jelly (D:3)
  Crazy Yiuf (D:2)
  An orc wizard (D:3)
  An adder (D:3)
  3 worms
  4 dart slugs
  5 leopard geckos
  7 orcs
  5 giant cockroaches
  12 goblins
  11 hobgoblins
  7 jackals
  A quokka (D:2)
  A ball python (D:1)
  A ball python skeleton (D:2)
  8 bats
  7 frilled lizards
  12 kobolds
  8 rats
96 creatures vanquished.

Notes
Turn   | Place    | Note
-------+----------+-------------------------------------------
     0 | D:1      | Kholdaimon the Centaur Arcane Marksman began the quest for
                  | the Orb.
     0 | D:1      | Reached XP level 1. HP: 16/16 MP: 2/2
   528 | D:1      | Reached skill level 3 in Bows
   611 | D:1      | Reached XP level 2. HP: 23/23 MP: 3/3
   972 | D:1      | Reached XP level 3. HP: 28/28 MP: 4/4
  1329 | D:2      | Reached skill level 4 in Bows
  1719 | D:2      | Found an ancient bone altar of Kikubaaqudgha.
  1734 | D:2      | Reached XP level 4. HP: 34/36 MP: 5/5
  2112 | D:2      | Found a runed translucent door.
  2122 | D:2      | Noticed Crazy Yiuf
  2218 | D:2      | Killed Crazy Yiuf
  2495 | D:3      | Reached skill level 5 in Bows
  2658 | D:3      | Reached XP level 5. HP: 42/42 MP: 6/6
  3331 | D:3      | Reached skill level 6 in Bows
  3342 | D:2      | Slain by an orc wizard

Skill      XL: |  1  2  3  4  5 |
---------------+----------------+-----
Bows           | 3 4 5 6 |  6.0
Hexes          | 3 |  3.0
Fighting       | 2 3 |  3.0
Dodging        | 2 |  2.0
Spellcasting   | |  1.0

Action                   |  1- 3 |  4- 6 || total
-------------------------+-------+-------++-------
Melee: Club              |    25 |       ||    25
       Kick              |     5 |       ||     5
 Fire: Shortbow          |   142 |   228 ||   370
  Eat: Chunk             |     1 |     4 ||     5
Armor: Robe              |    35 |    40 ||    75
Dodge: Dodged            |    46 |    44 ||    90
